 Dungeon Crawl Stone Soup version 0.22-a0-93-g6b88ebb (webtiles) character file.

285 KristoblXynda the Insei (level 6, -2/53 HPs)
             Began as a Draconian Monk on Jan 24, 2018.
             Was a Believer of Wu Jian.
             Slain by an ogre
             ... wielding a +0 giant spiked club
              (30 damage)
             ... on level 4 of the Dungeon.
             The game lasted 00:05:55 (3366 turns).

KristoblXynda the Insei (Draconian Monk)            Turns: 3366, Time: 00:05:56

Health: -2/53      AC:  6    Str: 14    XL:     6   Next: 7%
Magic:  6/6        EV: 14    Int: 13    God:    Wu Jian [**....]
Gold:   144        SH:  2    Dex: 14    Spells: 5/5 levels left

rFire    . . .     SeeInvis .     - Unarmed
rCold    . . .     Gourm    .   (no shield)
rNeg     + . .     Faith    .   (armour unavailable)
rPois    .         Spirit   .   (helmet restricted)
rElec    .         Reflect  +   p - scarf {cloud immunity}
rCorr    .         Harm     .   (no gloves)
MR       .....                  (no boots)
Stlth    ++........             i - +2 amulet of reflection
HPRegen  0.17/turn              k - +2 ring of intelligence
MPRegen  0.10/turn              g - ring of positive energy

@: no status effects
A: unfitting armour, cold-blooded, AC +6
a: Wall Jump, Renounce Religion


You were on level 4 of the Dungeon.
You worshipped Wu Jian.
Wu Jian was pleased with you.
You were not hungry.

You visited 1 branch of the dungeon, and saw 4 of its levels.

You collected 144 gold pieces.

Inventory:

Armour
 p - a scarf of cloud immunity (worn)
Jewellery
 g - a ring of positive energy (right hand)
 i - a +2 amulet of reflection (around neck)
 k - a +2 ring of intelligence (left hand)
Wands
 n - a wand of flame (17)
Scrolls
 d - 3 scrolls of remove curse
 e - a scroll of amnesia
 f - a scroll of noise {unknown}
 l - a scroll of magic mapping {unknown}
 m - a scroll of teleportation
 o - a scroll of enchant armour {unknown}
 q - a scroll of blinking {unknown}
Potions
 b - 3 potions of resistance
 c - a potion of heal wounds {unknown}
 h - 2 potions of brilliance {unknown}
 j - a potion of flight
Comestibles
 a - 8 rations


   Skills:
 + Level 4.6 Fighting
 + Level 3.8 Dodging
 - Level 1.7 Stealth
 * Level 5.2 Unarmed Combat


You had 5 spell levels left.
You didn't know any spells.

Dungeon Overview and Level Annotations

Branches:
Dungeon (4/15)
 Temple: D:4-7

Altars:
Cheibriados
Dithmenos
Qazlal
Uskayaw
Wu Jian

Annotations:
D:4 DEFE's ghost, novice DEAM


Innate Abilities, Weirdness & Mutations

Your plain brown scales are hard. (AC +6)
You cannot fit into any form of body armour.
You are cold-blooded and may be slowed by cold attacks.


Message History

The puff of flame misses the ogre.
You block the ogre's attack.
The howler monkey hoots and howls with incredible vigour!
Evoke which item? (* to show all) (? for menu, Esc to quit)
That's the wrong kind of item! (Use * to select it.) Evoke which item? (* to show all) (? for menu, Esc to quit)
You don't have any such object.
Evoke which item? (* to show all) (? for menu, Esc to quit)
Aiming: Throw Flame
Press: ? - help, Shift-Dir - straight line, f/p - ogre
Aim: an ogre, wielding a giant spiked club (severely wounded)
Okay, then.
Evoke which item? (* to show all) (? for menu, Esc to quit)
Aiming: Throw Flame
Press: ? - help, Shift-Dir - straight line, f/p - ogre
Aim: an ogre, wielding a giant spiked club (severely wounded)
The puff of flame hits the ogre.
The ogre is almost dead.
The ogre hits you with a giant spiked club!!
Ouch! That really hurt!
You die...

.......####.#
.......####.#
..###..##...## #
#..##....######
#......_......#
#.####....##..####.#
#.# ##...##h.h....#
#.# #.####O#.#####
#.# #.####@#.# #.#
#......#.# #.#
#......#.# #.#
########.# #.# .#
#####.# .# ......#
#######


You could see an ogre and a howler monkey.

Vanquished Creatures
  A phantom (D:4)
  An orc priest (D:3)
  Natasha (D:2)
  Terence (D:2)
  4 adders (D:3)
  An ooze (D:2)
  A worm (D:4)
  A dart slug (D:2)
  7 orcs
  5 giant cockroaches
  7 goblins
  7 hobgoblins
  9 jackals
  6 kobolds
  3 quokkas
  5 bats
  6 frilled lizards
  3 rats
69 creatures vanquished.

Notes
Turn   | Place    | Note
-------+----------+-------------------------------------------
     0 | D:1      | KristoblXynda the Draconian Monk began the quest for the Orb.
     0 | D:1      | Reached XP level 1. HP: 19/19 MP: 1/1
   133 | D:1      | Reached XP level 2. HP: 19/26 MP: 2/2
   692 | D:2      | Noticed Terence
   705 | D:2      | Killed Terence
   705 | D:2      | Reached XP level 3. HP: 22/33 MP: 0/3
  1337 | D:2      | Noticed Natasha
  1350 | D:2      | Killed Natasha
  1350 | D:2      | Reached skill level 4 in Unarmed Combat
  1350 | D:2      | Reached XP level 4. HP: 30/40 MP: 2/4
  1850 | D:3      | Found a shadowy altar of Dithmenos.
  1945 | D:3      | Reached XP level 5. HP: 46/46 MP: 5/5
  2622 | D:4      | Noticed a phantom
  2825 | D:4      | Found a hide-covered altar of Uskayaw.
  2827 | D:4      | Found a shadowy altar of Dithmenos.
  2827 | D:4      | Found a snail-covered altar of Cheibriados.
  2827 | D:4      | Found a stormy altar of Qazlal.
  3270 | D:4      | Killed a phantom
  3270 | D:4      | Reached skill level 5 in Unarmed Combat
  3270 | D:4      | Reached XP level 6. HP: 40/53 MP: 6/6
  3293 | D:4      | Found an ornate altar of the Wu Jian Council.
  3302 | D:4      | Noticed DEFE's ghost (novice DEAM)
  3309 | D:4      | Became a worshipper of the Wu Jian Council
  3309 | D:4      | Reached * piety under Wu Jian
  3309 | D:4      | Reached ** piety under Wu Jian
  3366 | D:4      | Slain by an ogre

Vault maps used:
D:1:      lemuel_arrival_behind_the_door_small, minmay_misc_feat_plants,
          minmay_misc_feat_chi
D:2:      uniq_terence, uniq_natasha
D:3:      grunt_dithmenos_smoke
D:4:      lemuel_doored_altar, minitemple, nicolae_overflow_crystal_walls

Skill      XL: |  1  2  3  4  5 |
---------------+----------------+-----
Dodging        | 3 |  3.8
Unarmed Combat | 4 5 |  5.2
Fighting       | 4 |  4.6
Stealth        | |  1.7

Action                   |  1- 3 |  4- 6 || total
-------------------------+-------+-------++-------
Melee: Unarmed           |    93 |   203 ||   296
       Tailslap          |     9 |    26 ||    35
       Punch             |     1 |     1 ||     2
Evoke: Wand              |       |    14 ||    14
  Use: Scroll            |     3 |     3 ||     6
       Potion            |       |     2 ||     2
 Stab: Sleeping          |     4 |     1 ||     5
  Eat: Chunk             |     1 |     4 ||     5
       Ration            |       |     1 ||     1
Armor: Skin              |    18 |    46 ||    64
Dodge: Dodged            |    42 |   112 ||   154
Block: Other             |       |    14 ||    14

Table legend:
 A = Spawn XP
 B = Non-spawn XP
 C = Spawn XP percentage of total XP
 D = Spawn monster count
 E = Non-spawn monster count
 F = Spawn count percentage of total count
 G = Total turns spent on level
                    A         B        C        D         E        F      G
               +---------+---------+-------+---------+---------+-------+---------
         Total |       0 |     408 |   0.0 |       0 |      69 |   0.0 |  3366
               +---------+---------+-------+---------+---------+-------+---------
           D:1 |       0 |      29 |   0.0 |       0 |      18 |   0.0 |   616
           D:2 |       0 |      90 |   0.0 |       0 |      11 |   0.0 |   853
           D:3 |       0 |     152 |   0.0 |       0 |      33 |   0.0 |  1135
           D:4 |       0 |     137 |   0.0 |       0 |       7 |   0.0 |   762
               +---------+---------+-------+---------+---------+-------+---------
